[Event "Schack-SM 2024: Sverigemastarklassen"]
[Site "Fortnox Arena, Hejaregatan 5, Vaxjo, Sweden"]
[Date "2024.07.03"]
[Round "5.5"]
[White "Ostlund, Joar"]
[Black "Hector, Jonny"]
[Result "0-1"]
[TimeControl "90 minutes for 40 moves + 30 minutes for the rest of the game + 30 seconds per move from move one."]
[WhiteTitle "FM"]
[BlackTitle "GM"]
[WhiteElo "2334"]
[BlackElo "2410"]

1. d4 d5 2. c4 c6 3. Nf3 Nf6 4. Nc3 dxc4 5. a4 Bf5 6. e3 e6 7. Bxc4 Bb4 8. O-O Nbd7 9. Qe2 Bg4 10.
h3 Bh5 11. e4 Nb6 12. g4 Bg6 13. Bd3 a5 14. Rd1 Nfd7 15. Bf4 Qe7 16. Bg3 h6 17. Bc2 Bh7 18. Na2 Bd6 19. Bxd6 Qxd6 20.
e5 Qe7 21. Bxh7 Rxh7 22. Nc3 g5 23. Nd2 Nd5 24. Qd3 Rh8 25. Nxd5 exd5 26. Nf1 Nf8 27. Ng3 Ne6 28. Nf5 Qc7 29.
Nd6+ Kf8 30. Ra3 Kg8 31. Rb3 Rb8 32. Qf5 Ng7 33. Qf3 Rh7 34. Rc1 Ne6 35. Nf5 Rf8 36. Qe3 f6 37. exf6 Rxf6 38.
Re1 Rhf7 39. Qd2 Ng7 40. Rf3 Nxf5 41. Re8+ Kg7 42. gxf5 Rxf5 43. Rxf5 Rxf5 44. Qe1 Rf7 45. Re5 Qd8 46.
Re6 Qc7 47. Re5 Qb6 48. Qe3 Qd8 49. Re6 Qc7 50. Re5 Qd6 51. Qg3 Qg6 52. Kg2 Kh7 53. Qe3 Qf6 54. Re6 Qf5 55. Re5 Qf4 56.
Qxf4 Rxf4 57. Re7+ Kg6 58. Rxb7 Rxd4 59. Rb6 Rc4 60. b3 Rc3 61. Ra6 Kf5 62. Rxa5 Rxb3 63. Ra6 Rc3 64. a5 Ke4 65.
Ra8 c5 66. a6 Ra3 67. Kf1 c4 68. a7 Kd4 69. Ke2 c3 70. f3 Ra2+ 71. Ke1 Kd3 72. Rd8 c2 73. Rxd5+ Kc4 0-1

[Event "Schack-SM 2024: Sverigemastarklassen"]
[Site "Fortnox Arena, Hejaregatan 5, Vaxjo, Sweden"]
[Date "2024.07.03"]
[Round "5.1"]
[White "Semcesen, Daniel"]
[Black "Hillarp Persson, Tiger"]
[Result "0-1"]
[TimeControl "90 minutes for 40 moves + 30 minutes for the rest of the game + 30 seconds per move from move one."]
[WhiteTitle "GM"]
[BlackTitle "GM"]
[WhiteElo "2451"]
[BlackElo "2455"]

1. d4 d6 2. Nf3 Nf6 3. Bg5 Nbd7 4. Nbd2 h6 5. Bh4 g5 6. Bg3 Nh5 7. e3 Bg7 8. c3 e6 9. Bd3 Qe7 10.
Qc2 a6 11. O-O-O b5 12. Kb1 Nxg3 13. hxg3 c5 14. Nh2 Bb7 15. Be4 Bxe4 16. Nxe4 d5 17. Nxc5 Nxc5 18. dxc5 Qxc5 19. e4 dxe4 20.
Qxe4 Rb8 21. Ng4 b4 22. c4 b3 23. a3 Rc8 24. Ne3 O-O 25. Rd3 Qb6 26. Ng4 f5 27. Qe3 Qxe3 28. Nxe3 Rb8 29.
Rhd1 a5 30. Rd6 f4 31. gxf4 gxf4 32. Nf1 Rbc8 33. Nd2 f3 34. gxf3 a4 35. Re1 e5 36. Ra6 Rfd8 37. Rg1 Rxd2 38.
Ra7 Kh8 39. Raxg7 Rcd8 40. Kc1 Rc2+ 41. Kb1 Rd1+ 42. Rxd1 Kxg7 43. Rc1 h5 44. c5 Rxc1+ 45. Kxc1 Kf7 46. Kd2 h4 47. Ke2 Ke6 0-1

[Event "Schack-SM 2024: Sverigemastarklassen"]
[Site "Fortnox Arena, Hejaregatan 5, Vaxjo, Sweden"]
[Date "2024.07.03"]
[Round "5.2"]
[White "Sivuk, Vitaly"]
[Black "Seo, Jung Min"]
[Result "1/2-1/2"]
[TimeControl "90 minutes for 40 moves + 30 minutes for the rest of the game + 30 seconds per move from move one."]
[WhiteTitle "GM"]
[BlackTitle "IM"]
[WhiteElo "2569"]
[BlackElo "2442"]

1. d4 Nf6 2. c4 g6 3. g3 c6 4. Bg2 d5 5. cxd5 cxd5 6. Nc3 Bg7 7. Nf3 O-O 8. Ne5 Bf5 9. O-O Ne4 10.
Qb3 Nc6 11. Qxd5 Nxc3 12. bxc3 Qxd5 13. Bxd5 Nxe5 14. dxe5 Bxe5 15. Bh6 Rfd8 16. Bxb7 Rab8 17. Rad1 Bxc3 18. Rxd8+ Rxd8 19. Kg2 Be6 20.
a4 a5 21. Rc1 Bb4 22. e4 f6 23. h4 Kf7 24. Be3 h5 25. Ba6 Ra8 26. Bb5 Rc8 27. Rxc8 Bxc8 28. Bc4+ Ke8 29. Bb5+ Kf7 30. Bc4+ Ke8 31. Bb5+ 1/2-1/2

[Event "Schack-SM 2024: Sverigemastarklassen"]
[Site "Fortnox Arena, Hejaregatan 5, Vaxjo, Sweden"]
[Date "2024.07.03"]
[Round "5.3"]
[White "Lokander, Martin"]
[Black "Galperin, Platon"]
[Result "1-0"]
[TimeControl "90 minutes for 40 moves + 30 minutes for the rest of the game + 30 seconds per move from move one."]
[WhiteTitle "IM"]
[BlackTitle "GM"]
[WhiteElo "2474"]
[BlackElo "2551"]

1. d4 Nf6 2. c4 b6 3. Nc3 Bb7 4. Qc2 Nc6 5. Nf3 Nb4 6. Qb1 Bxf3 7. exf3 e6 8. a3 Nc6 9. Be3 g6 10.
Be2 Bg7 11. O-O Ne7 12. g4 d5 13. b3 c6 14. Rd1 h5 15. Qc1 Qd7 16. h3 O-O 17. Kg2 Rac8 18. a4 c5 19. a5 cxd4 20.
Bxd4 bxa5 21. Qf4 Nh7 22. Bxg7 Kxg7 23. cxd5 exd5 24. Rxa5 Qe6 25. Ra6 Rc6 26. Qd4+ Nf6 27. g5 Rxa6 28.
gxf6+ Qxf6 29. Bxa6 Qxd4 30. Rxd4 Rb8 31. Nxd5 Nxd5 32. Rxd5 Rxb3 33. Rd7 Rb4 34. Rxa7 Ra4 35. Ra8 Kh6 36.
Bb7 Rd4 37. Bc6 Rd6 38. Be8 Rf6 39. Ra7 Kg7 40. h4 Kf8 41. Ba4 Rb6 42. Bc2 Kg7 43. Be4 Rb5 44. Rd7 Re5 45. Bd5 Rf5 46.
Kg3 1-0

[Event "Schack-SM 2024: Sverigemastarklassen"]
[Site "Fortnox Arena, Hejaregatan 5, Vaxjo, Sweden"]
[Date "2024.07.02"]
[Round "4.1"]
[White "Seo, Jung Min"]
[Black "Semcesen, Daniel"]
[Result "1/2-1/2"]
[TimeControl "90 minutes for 40 moves + 30 minutes for the rest of the game + 30 seconds per move from move one."]
[WhiteTitle "IM"]
[BlackTitle "GM"]
[WhiteElo "2442"]
[BlackElo "2451"]

1. e4 e5 2. Nf3 Nc6 3. Bb5 a6 4. Ba4 Nf6 5. O-O Be7 6. Re1 b5 7. Bb3 d6 8. c3 O-O 9. h3 Re8 10.
d4 h6 11. Nbd2 Bf8 12. Bc2 Bd7 13. Nf1 Na5 14. b3 Nc6 15. d5 Ne7 16. c4 c6 17. Be3 b4 18. Qd2 a5 19. Ng3 c5 20.
a3 Qb8 21. Ra2 Ng6 22. Rea1 Qb7 23. Kh2 Be7 24. Bd3 Reb8 25. Ne2 Qc8 26. Qd1 Qe8 27. axb4 axb4 28. Ra7 Rxa7 29. Rxa7 Ra8 30.
Qa1 Rxa7 31. Qxa7 Nh5 32. Qc7 Qd8 33. Qxd8+ Bxd8 34. g3 Kf8 35. Nd2 Bg5 36. Nf1 Bc8 37. h4 Bxe3 38. Nxe3 Ne7 39.
Kg2 g6 40. f4 f6 41. Kf3 Kf7 42. Bc2 Bd7 43. Bd3 Bc8 44. Bc2 Bd7 45. Bd3 Bc8 1/2-1/2

[Event "Schack-SM 2024: Sverigemastarklassen"]
[Site "Fortnox Arena, Hejaregatan 5, Vaxjo, Sweden"]
[Date "2024.07.02"]
[Round "4.2"]
[White "Hillarp Persson, Tiger"]
[Black "Lokander, Martin"]
[Result "1/2-1/2"]
[TimeControl "90 minutes for 40 moves + 30 minutes for the rest of the game + 30 seconds per move from move one."]
[WhiteTitle "GM"]
[BlackTitle "IM"]
[WhiteElo "2455"]
[BlackElo "2474"]

1. c4 b6 2. Nc3 Bb7 3. e4 e6 4. Nge2 Nf6 5. f3 d5 6. cxd5 exd5 7. e5 d4 8. exf6 dxc3 9. fxg7 Bxg7 10.
dxc3 Nd7 11. Ng3 Qf6 12. Be2 O-O-O 13. O-O h5 14. Qc2 h4 15. Nf5 Bf8 16. Be3 Rh5 17. Nd4 Re8 18. Qd2 c5 19.
Nc2 Rd5 20. Qc1 h3 21. g3 Ne5 22. Ne1 Qe6 23. Rf2 Ng6 24. Nc2 Re5 25. Bf1 Rxe3 26. Qxe3 Qxe3 27. Nxe3 Rxe3 28. Bxh3+ Kc7 29.
f4 Nh4 30. Rd1 f5 31. Rfd2 Bc6 32. Kf2 Rf3+ 33. Ke2 c4 34. Bf1 Bc5 35. gxh4 Re3+ 36. Kf2 Rxc3+ 37. Ke1 Re3+ 38. Re2 Bb4+ 39.
Rdd2 Rf3 40. Bg2 Rxf4 41. Bxc6 Kxc6 42. Re6+ Kb7 43. a3 Bxd2+ 44. Kxd2 Rxh4 45. Rf6 Rxh2+ 46. Kc3 Rf2 47. Kxc4 Rf4+ 48.
Kc3 a5 49. a4 Rf1 50. Kd4 f4 51. Rf7+ Kc6 52. Rf6+ Kc7 53. Rf7+ Kd6 54. Rf6+ Kc7 55. Rf7+ Kc6 56. Rf6+ Kb7 57.
Rf7+ Ka6 58. Kc4 Rf3 59. b3 Rf1 60. Kc3 Rf2 61. Kd3 f3 62. Kc3 Rf1 63. Kb2 f2 64. Ka2 Rc1 65. Rxf2 1/2-1/2

[Event "Schack-SM 2024: Sverigemastarklassen"]
[Site "Fortnox Arena, Hejaregatan 5, Vaxjo, Sweden"]
[Date "2024.07.02"]
[Round "4.3"]
[White "Blomqvist, Erik"]
[Black "Sivuk, Vitaly"]
[Result "0-1"]
[TimeControl "90 minutes for 40 moves + 30 minutes for the rest of the game + 30 seconds per move from move one."]
[WhiteTitle "GM"]
[BlackTitle "GM"]
[WhiteElo "2527"]
[BlackElo "2569"]

1. e4 e5 2. Nf3 Nc6 3. Bc4 Be7 4. O-O d6 5. a4 Nf6 6. d3 a5 7. Re1 O-O 8. Nc3 Bg4 9. h3 Bh5 10.
Nd5 Nxd5 11. Bxd5 Nb4 12. Bb3 c6 13. Qe2 Kh8 14. g4 Bg6 15. Be3 f6 16. Nh4 Bf7 17. Bxf7 Rxf7 18. Nf5 d5 19.
h4 Bf8 20. h5 Qd7 21. Kg2 Na6 22. d4 exd4 23. Bxd4 Re8 24. Qf3 Nb4 25. Rac1 c5 26. Bc3 dxe4 27. Rxe4 Rxe4 28. Qxe4 Qxa4 29.
g5 Qc6 30. Qxc6 Nxc6 31. gxf6 gxf6 32. Kf3 a4 33. Re1 Rd7 34. Re4 b5 35. Re6 Ne5+ 36. Ke4 b4 37. Rxf6 Be7 38. Bxe5 Bxf6 39.
Bxf6+ Kg8 40. Ne3 a3 41. bxa3 bxa3 42. f4 Rd4+ 0-1

[Event "Schack-SM 2024: Sverigemastarklassen"]
[Site "Fortnox Arena, Hejaregatan 5, Vaxjo, Sweden"]
[Date "2024.07.02"]
[Round "4.4"]
[White "Galperin, Platon"]
[Black "Ostlund, Joar"]
[Result "1-0"]
[TimeControl "90 minutes for 40 moves + 30 minutes for the rest of the game + 30 seconds per move from move one."]
[WhiteTitle "GM"]
[BlackTitle "FM"]
[WhiteElo "2551"]
[BlackElo "2334"]

1. e4 e5 2. Nf3 Nc6 3. Bb5 Nf6 4. O-O Nxe4 5. Re1 Nd6 6. a4 Be7 7. Nc3 O-O 8. d4 Nxb5 9. axb5 Nxd4 10.
Nxd4 exd4 11. Nd5 Bd6 12. Qh5 f6 13. Bf4 g6 14. Qh6 Bxf4 15. Qxf4 g5 16. Qxd4 Rf7 17. b6 cxb6 18. Nxb6 Rb8 19.
Qd6 Qxb6 20. Re8+ 1-0

[Event "Schack-SM 2024: Sverigemastarklassen"]
[Site "Fortnox Arena, Hejaregatan 5, Vaxjo, Sweden"]
[Date "2024.07.02"]
[Round "4.5"]
[White "Hector, Jonny"]
[Black "Pantzar, Milton"]
[Result "1-0"]
[TimeControl "90 minutes for 40 moves + 30 minutes for the rest of the game + 30 seconds per move from move one."]
[WhiteTitle "GM"]
[BlackTitle "IM"]
[WhiteElo "2410"]
[BlackElo "2480"]

1. e4 e5 2. Nf3 Nc6 3. d4 exd4 4. Nxd4 Nf6 5. Nxc6 bxc6 6. e5 Qe7 7. Qe2 Nd5 8. Nd2 f6 9. Nf3 fxe5 10.
Bg5 Qe6 11. Qxe5 Bb4+ 12. Bd2 Qxe5+ 13. Nxe5 O-O 14. Nd3 Re8+ 15. Kd1 Bf8 16. c4 Nf6 17. Ba5 Ba6 18. Rc1 d5 19. cxd5 Rad8 20.
Bxc7 Rxd5 21. Kc2 Rd7 22. Ba5 Rd5 23. Bc3 Ne4 24. Nf4 Nxc3 25. Bxa6 Nxa2 26. Nxd5 cxd5 27. Ra1 Nb4+ 28. Kd2 Bc5 29.
Rhf1 Rb8 30. Be2 Nc6 31. Bf3 Kf8 32. Ra2 Bb4+ 33. Kc1 Be7 34. Rd1 Bf6 35. Bxd5 Nb4 36. Rxa7 Bxb2+ 37. Kxb2 Nc6+ 38.
Bb3 Nxa7 39. Rd7 Nc6 40. Rf7+ Ke8 41. Rxg7 h5 42. Kc3 Rb5 43. Rh7 Kf8 44. Rf7+ Ke8 45. Rc7 Ne7 46. Ra7 Kf8 47.
Bd1 Rf5 48. Bf3 h4 49. h3 Ng6 50. Kd4 Rb5 51. Bd5 Ne7 52. Be4 Kf7 53. Ra6 Rb4+ 54. Ke3 Rb3+ 55. Bd3 Nd5+ 56. Ke4 Rxd3 57.
Ra7+ 1-0

[Event "Schack-SM 2024: Sverigemastarklassen"]
[Site "Fortnox Arena, Hejaregatan 5, Vaxjo, Sweden"]
[Date "2024.07.01"]
[Round "3.1"]
[White "Lokander, Martin"]
[Black "Seo, Jung Min"]
[Result "1/2-1/2"]
[TimeControl "90 minutes for 40 moves + 30 minutes for the rest of the game + 30 seconds per move from move one."]
[WhiteTitle "IM"]
[BlackTitle "IM"]
[WhiteElo "2474"]
[BlackElo "2442"]

1. d4 Nf6 2. c4 e6 3. Nc3 Bb4 4. e3 O-O 5. a3 Bxc3+ 6. bxc3 c5 7. Bd3 Nc6 8. Rb1 d6 9. Ne2 e5 10.
O-O b6 11. e4 cxd4 12. cxd4 exd4 13. Bb2 Re8 14. f3 Nd7 15. Nxd4 Nxd4 16. Bxd4 Nc5 17. Rf2 Nxd3 18. Qxd3 Be6 19.
a4 Rc8 20. Rc2 Rc6 21. Rb5 f6 22. a5 bxa5 23. Rb7 Re7 24. Qb3 Rxb7 25. Qxb7 Rxc4 26. Rxc4 Bxc4 27. Qxa7 Be6 28. Bb6 Qd7 29.
Qxd7 Bxd7 30. Bxa5 Be6 31. Bc7 d5 32. exd5 Bxd5 33.
Kf2 Ba8 34. Ba5 Bb7 35. Bb4 Ba8 36. Ba3 Kf7 37. Bb2 Bc6 38. Bc3 g5 39. g4 Kg6 40. Kg3 f5 41. f4 fxg4 42. Kxg4 1/2-1/2

[Event "Schack-SM 2024: Sverigemastarklassen"]
[Site "Fortnox Arena, Hejaregatan 5, Vaxjo, Sweden"]
[Date "2024.07.01"]
[Round "3.2"]
[White "Semcesen, Daniel"]
[Black "Blomqvist, Erik"]
[Result "0-1"]
[TimeControl "90 minutes for 40 moves + 30 minutes for the rest of the game + 30 seconds per move from move one."]
[WhiteTitle "GM"]
[BlackTitle "GM"]
[WhiteElo "2451"]
[BlackElo "2527"]

1. d4 Nf6 2. Nf3 d5 3. Bg5 Ne4 4. Bh4 c5 5. e3 cxd4 6. exd4 Qb6 7. Qc1 g5 8. Nxg5 Qh6 9. Qf4 f6 10.
Nh3 Bxh3 11. Qxh6 Bxh6 12. gxh3 Bc1 13. a4 Bxb2 14. Ra2 Bxd4 15. c4 dxc4 16. Bxc4 Nc6 17. Bg3 e5 18. O-O Ke7 19.
Kh1 Rac8 20. Re2 Nxg3+ 21. hxg3 Nb4 22. Bb3 Rc7 23. Kg2 Rhc8 24. Rd1 Kf8 25. Ree1 Rc6 26. h4 R8c7 27. g4 Rg7 28.
Kf3 h5 29. gxh5 f5 30. Rg1 Nd3 31. Rg5 e4+ 32. Kg2 Bf6 33. Rxg7 Kxg7 34. f3 Rb6 35. Bc4 Rb2+ 36. Nd2 Bc3 0-1

[Event "Schack-SM 2024: Sverigemastarklassen"]
[Site "Fortnox Arena, Hejaregatan 5, Vaxjo, Sweden"]
[Date "2024.07.01"]
[Round "3.3"]
[White "Ostlund, Joar"]
[Black "Hillarp Persson, Tiger"]
[Result "0-1"]
[TimeControl "90 minutes for 40 moves + 30 minutes for the rest of the game + 30 seconds per move from move one."]
[WhiteTitle "FM"]
[BlackTitle "GM"]
[WhiteElo "2334"]
[BlackElo "2455"]

1. d4 Nf6 2. c4 e6 3. Nf3 b6 4. a3 Ba6 5. Qc2 c5 6. e4 cxd4 7. e5 Ng8 8. Bd3 Bb7 9. Bxh7 Bxf3 10.
gxf3 Nc6 11. Bxg8 Qh4 12. Bxf7+ Kxf7 13. f4 Rh5 14. Qd3 Rc8 15. Qg3 Nxe5 16. b3 Qxg3 17. fxg3 Nd3+ 18. Kd2 Nf2 19.
Rf1 Rxh2 20. Ke2 Ne4+ 21. Kf3 d5 22. a4 Nc5 23. Nd2 Rxd2 24. Bxd2 Nxb3 25. Rad1 dxc4 26. Ke4 Be7 27. f5 Nxd2+ 28. Rxd2 d3 29. g4 Bg5 30. Rdd1 e5 31. Rb1 Rd8 32. Rfd1 Rd4+ 0-1

[Event "Schack-SM 2024: Sverigemastarklassen"]
[Site "Fortnox Arena, Hejaregatan 5, Vaxjo, Sweden"]
[Date "2024.07.01"]
[Round "3.4"]
[White "Sivuk, Vitaly"]
[Black "Pantzar, Milton"]
[Result "1-0"]
[TimeControl "90 minutes for 40 moves + 30 minutes for the rest of the game + 30 seconds per move from move one."]
[WhiteTitle "GM"]
[BlackTitle "IM"]
[WhiteElo "2569"]
[BlackElo "2480"]

1. d4 d5 2. c4 e6 3. Nc3 Nf6 4. cxd5 exd5 5. Bg5 c6 6. e3 h6 7. Bh4 Be7 8. Bd3 O-O 9. Nge2 Nbd7 10.
O-O Re8 11. f3 b5 12. Rc1 a5 13. Bf2 Ba6 14. Ng3 b4 15. Bxa6 bxc3 16. Bb7 Rb8 17. Bxc6 cxb2 18. Rb1 Qc7 19.
Ba4 Qc3 20. e4 dxe4 21. fxe4 Red8 22. Qe2 Nb6 23. Bb5 Rxd4 24. Bxd4 Qxd4+ 25. Kh1 Ba3 26. e5 Nfd5 27. Nf5 Qb4 28.
e6 f6 29. Qh5 1-0

[Event "Schack-SM 2024: Sverigemastarklassen"]
[Site "Fortnox Arena, Hejaregatan 5, Vaxjo, Sweden"]
[Date "2024.07.01"]
[Round "3.5"]
[White "Galperin, Platon"]
[Black "Hector, Jonny"]
[Result "0-1"]
[TimeControl "90 minutes for 40 moves + 30 minutes for the rest of the game + 30 seconds per move from move one."]
[WhiteTitle "GM"]
[BlackTitle "GM"]
[WhiteElo "2551"]
[BlackElo "2410"]

1. d4 d5 2. c4 c6 3. Nf3 Nf6 4. Nc3 dxc4 5. a4 Bf5 6. Ne5 Nbd7 7. Nxc4 Qc7 8. g3 e5 9. dxe5 Nxe5 10.
Bf4 Nfd7 11. Qc1 f6 12. Bg2 O-O-O 13. a5 Nc5 14. Bxe5 fxe5 15. Qe3 Kb8 16. a6 Nxa6 17. Nxe5 Bc5 18.
Qf4 g5 19. Qxf5 Rhf8 20. Qe6 Bxf2+ 21. Kf1 Nc5 22. Qa2 Qxe5 23. Qxa7+ Kc7 24. Qa5+ b6 25. Qb4 Bd4+ 26. Bf3 g4 27.
Ra7+ Nb7 28. Nb5+ Kb8 29. Qa4 Na5 30. Rxa5 bxa5 31. Nxd4 Rxd4 32. Qxc6 Rd1+ 33. Kf2 Rxf3+ 0-1

[Event "Schack-SM 2024: Sverigemastarklassen"]
[Site "Fortnox Arena, Hejaregatan 5, Vaxjo, Sweden"]
[Date "2024.06.30"]
[Round "2.3"]
[White "Pantzar, Milton"]
[Black "Semcesen, Daniel"]
[Result "1/2-1/2"]
[TimeControl "90 minutes for 40 moves + 30 minutes for the rest of the game + 30 seconds per move from move one."]
[WhiteTitle "IM"]
[BlackTitle "GM"]
[WhiteElo "2480"]
[BlackElo "2451"]

1. d4 d5 2. Nf3 Bf5 3. c4 e6 4. Nc3 Nc6 5. cxd5 exd5 6. Bf4 Nf6 7. e3 Bb4 8. Bd3 Bxd3 9. Qxd3 O-O 10.
O-O h6 11. Rac1 a6 12. Be5 Ne8 13. Bg3 Nf6 14. Rfd1 Re8 15. Ne5 Ne7 16. Na4 Bd6 17. b4 c6 18. Nc5 Qc7 19. a4 Nh5 20.
Nf3 Nxg3 21. hxg3 g6 22. Nd2 Kg7 23. Qc3 h5 24. b5 axb5 25. axb5 Nf5 26. bxc6 bxc6 27. e4 dxe4 28. Ndxe4 Bxc5 29.
Nxc5 Kg8 30. Nd3 Qb6 31. Nf4 Ne7 32. Qc4 Rad8 33. Rb1 Qa7 34. Ra1 Qd7 35. Rac1 Qf5 36. Re1 Qf6 37. Re5 Rd7 38.
Rce1 Red8 39. Qc5 Nd5 40. Re8+ Rxe8 41. Rxe8+ Kh7 42. Nh3 Re7 43. Rxe7 Nxe7 1/2-1/2

[Event "Schack-SM 2024: Sverigemastarklassen"]
[Site "Fortnox Arena, Hejaregatan 5, Vaxjo, Sweden"]
[Date "2024.06.30"]
[Round "2.4"]
[White "Hillarp Persson, Tiger"]
[Black "Galperin, Platon"]
[Result "1-0"]
[TimeControl "90 minutes for 40 moves + 30 minutes for the rest of the game + 30 seconds per move from move one."]
[WhiteTitle "GM"]
[BlackTitle "GM"]
[WhiteElo "2455"]
[BlackElo "2551"]

1. Nf3 d5 2. g3 Nf6 3. Bg2 e6 4. O-O Be7 5. c4 O-O 6. d4 Nbd7 7. Qc2 a5 8. b3 a4 9. Ba3 b6 10.
b4 c6 11. cxd5 Nxd5 12. Qd2 c5 13. bxc5 bxc5 14. Rc1 Bb7 15. dxc5 Rc8 16. c6 Rxc6 17. Rxc6 Bxc6 18. Nd4 Bb7 19.
Qb2 N7b6 20. Bxe7 Qxe7 21. Na3 Ba8 22. Rc1 h6 23. Nab5 Nd7 24. Qd2 Ne5 25. Qa5 Qg5 26. Rf1 Ng4 27.
Qxa4 Qh5 28. h4 Nb6 29. Qb3 Bxg2 30. Kxg2 Nd5 31. Nc3 Nde3+ 32. fxe3 Nxe3+ 33. Kf2 Nxf1 34. Kxf1 Qg4 35. Ncb5 e5 36.
Nc6 Qe4 37. Ne7+ Kh8 38. Qd5 Qb4 39. Nd6 Qg4 40. Qxe5 f5 41. Ndxf5 1-0

[Event "Schack-SM 2024: Sverigemastarklassen"]
[Site "Fortnox Arena, Hejaregatan 5, Vaxjo, Sweden"]
[Date "2024.06.30"]
[Round "2.5"]
[White "Hector, Jonny"]
[Black "Sivuk, Vitaly"]
[Result "0-1"]
[TimeControl "90 minutes for 40 moves + 30 minutes for the rest of the game + 30 seconds per move from move one."]
[WhiteTitle "GM"]
[BlackTitle "GM"]
[WhiteElo "2410"]
[BlackElo "2569"]

1. e4 c6 2. Nc3 d5 3. d4 dxe4 4. Nxe4 Nd7 5. Ng5 Ngf6 6. Bc4 e6 7. Qe2 Nb6 8. Bd3 h6 9. N5f3 c5 10.
Be3 Nbd5 11. c3 cxd4 12. Bxd4 Nf4 13. Qd2 Nxd3+ 14. Qxd3 Qd5 15. O-O-O Be7 16. c4 Qa5 17. Kb1 b6 18.
Ne2 O-O 19. Nc3 Bb7 20. Rhe1 Rfd8 21. Re5 Bc5 22. Qe2 Ng4 23. Rh5 g6 24. Rh4 Bxf3 25. gxf3 Bxd4 26. Nb5 Bf6 27. Rxg4 Rxd1+ 28. Qxd1 Rd8 29. Qc1 Rd2 0-1

[Event "Schack-SM 2024: Sverigemastarklassen"]
[Site "Fortnox Arena, Hejaregatan 5, Vaxjo, Sweden"]
[Date "2024.06.30"]
[Round "2.1"]
[White "Blomqvist, Erik"]
[Black "Lokander, Martin"]
[Result "0-1"]
[TimeControl "90 minutes for 40 moves + 30 minutes for the rest of the game + 30 seconds per move from move one."]
[WhiteTitle "GM"]
[BlackTitle "IM"]
[WhiteElo "2527"]
[BlackElo "2474"]

1. e4 e5 2. Nf3 Nc6 3. Bc4 d6 4. d4 Nf6 5. dxe5 dxe5 6. Qe2 Bd6 7. O-O Qe7 8. a4 O-O 9. h3 Be6 10.
a5 a6 11. c3 Bxc4 12. Qxc4 Nd8 13. Be3 Ne6 14. Ng5 Nf4 15. Bxf4 exf4 16. Nd2 Rfe8 17. Rfe1 Nd7 18. Ngf3 Ne5 19.
Nxe5 Qxe5 20. Nf3 Qb5 21. Qa2 Bc5 22. Rad1 Rad8 23. Rxd8 Rxd8 24. e5 Be7 25. e6 Qd5 26. Qa4 fxe6 27.
Qxf4 Qxa5 28. Qc4 Qd5 29. Qxc7 Bf6 30. Qb6 Rd6 31. Qb4 h6 32. h4 b5 33.
Ra1 Rc6 34. Qf4 Rc4 35. Qb8+ Kh7 36. Rxa6 e5 37. Rd6 Qc5 {time forfeit} 0-1

[Event "Schack-SM 2024: Sverigemastarklassen"]
[Site "Fortnox Arena, Hejaregatan 5, Vaxjo, Sweden"]
[Date "2024.06.30"]
[Round "2.2"]
[White "Seo, Jung Min"]
[Black "Ostlund, Joar"]
[Result "1-0"]
[TimeControl "90 minutes for 40 moves + 30 minutes for the rest of the game + 30 seconds per move from move one."]
[WhiteTitle "IM"]
[BlackTitle "FM"]
[WhiteElo "2442"]
[BlackElo "2334"]

1. e4 e5 2. Nf3 Nc6 3. Bb5 g6 4. c3 Bg7 5. d4 exd4 6. cxd4 a6 7. Ba4 b5 8. Bb3 Nge7 9. O-O O-O 10.
d5 Na5 11. Bd2 Nxb3 12. Qxb3 c5 13. dxc6 dxc6 14. Bc3 Be6 15. Qa3 Bxc3 16. Nxc3 Nc8 17. Qc5 Qb6 18. Qg5 f6 19. Qf4 Qb8 20.
Qh4 Qc7 21. e5 fxe5 22. Rfe1 Rf5 23. Qg3 b4 24. Na4 Bd5 25. Nxe5 Nb6 26. Nxb6 Qxb6 27. Nxg6 Rf7 28. Ne7+ Kh8 29.
Qe5+ Rg7 30. Nf5 Qc7 31. Qxg7+ Qxg7 32. Nxg7 Kxg7 33. a3 b3 34. f3 Kf6 35.
Kf2 a5 36. Rad1 a4 37. Rd4 Ra5 38. g4 Rc5 39. Rxa4 Rc2+ 40. Re2 c5 41. Ke3 Rc1 42. Rf4+ Kg6 43. Rf5 Be6 44. Re5 Bf7 45.
h4 c4 46. Rc5 1-0

[ePGN "0.1;DGT LiveChess/2.2.6"]

[Event "Schack-SM 2024: Sverigemastarklassen"]
[Site "Fortnox Arena, Hejaregatan 5, Vaxjo, Sweden"]
[Date "2024.06.29"]
[Round "1.1"]
[White "Semcesen, Daniel"]
[Black "Sivuk, Vitaly"]
[Result "0-1"]
[TimeControl "90 minutes for 40 moves + 30 minutes for the rest of the game + 30 seconds per move from move one."]
[WhiteTitle "GM"]
[BlackTitle "GM"]
[WhiteElo "2451"]
[BlackElo "2569"]

1. d4 d5 2. Nf3 c5 3. c3 Nc6 4. Bf4 Qb6 5. Qb3 c4 6. Qc2 Nf6 7. h3 Bf5 8. Qc1 g6 9. Nbd2 Bg7 10.
e3 O-O 11. Be2 Nd7 12. O-O e5 13. Nxe5 Ncxe5 14. dxe5 Nc5 15. Nf3 Bd3 16. Re1 Rfe8 17. Qd2 a5 18. Bxd3 Nxd3 19. Re2 a4 20.
a3 Ra5 21. Nd4 Bxe5 22. Bxe5 Rxe5 23. Rd1 Qf6 24. Nf3 Rf5 25. Ne1 Nc5 26. Qd4 Qe7 27. Nf3 Nd3 28. Red2 Ra6 29. Qh4 Raf6 30.
Qg3 Kg7 31. Rf1 h6 32. h4 Rb6 33. Rb1 Qe4 34. Rc2 Rh5 35. Qc7 Rf6 36. Qg3 Ne5 37. Ne1 Rxh4 38. f4 Nd3 39. Rd2 Rg4 40.
Qh3 Nxe1 41. Rxe1 Rgxf4 42. Rd4 Qe5 0-1

[Event "Schack-SM 2024: Sverigemastarklassen"]
[Site "Fortnox Arena, Hejaregatan 5, Vaxjo, Sweden"]
[Date "2024.06.29"]
[Round "1.2"]
[White "Lokander, Martin"]
[Black "Pantzar, Milton"]
[Result "1/2-1/2"]
[TimeControl "90 minutes for 40 moves + 30 minutes for the rest of the game + 30 seconds per move from move one."]
[WhiteTitle "IM"]
[BlackTitle "IM"]
[WhiteElo "2474"]
[BlackElo "2480"]

1. d4 d5 2. c4 dxc4 3. Nf3 Nf6 4. e3 e6 5. Bxc4 a6 6. O-O c5 7. b3 Nbd7 8. Bb2 b5 9. Be2 Bb7 10.
a4 bxa4 11. bxa4 Be7 12. Nbd2 O-O 13. a5 Rb8 14. Nc4 Bd5 15. Nfd2 Qc7 16. Ba3 Rfc8 17. Rc1 Qd8 18. Nb3 cxd4 19.
Bxe7 Qxe7 20. Nxd4 Qb4 21. Nc2 Qc5 22. Nd4 Qb4 23. Nc2 Qc5 24. Nd4 Qb4 1/2-1/2

[Event "Schack-SM 2024: Sverigemastarklassen"]
[Site "Fortnox Arena, Hejaregatan 5, Vaxjo, Sweden"]
[Date "2024.06.29"]
[Round "1.3"]
[White "Ostlund, Joar"]
[Black "Blomqvist, Erik"]
[Result "0-1"]
[TimeControl "90 minutes for 40 moves + 30 minutes for the rest of the game + 30 seconds per move from move one."]
[WhiteTitle "FM"]
[BlackTitle "GM"]
[WhiteElo "2334"]
[BlackElo "2527"]

1. d4 Nf6 2. c4 e6 3. Nf3 d5 4. Nc3 Bb4 5. Bg5 h6 6. Bxf6 Qxf6 7. e3 O-O 8. Rc1 c6 9. a3 Ba5 10.
Bd3 Nd7 11. cxd5 exd5 12. O-O Rd8 13. b4 Bb6 14. b5 Nf8 15. bxc6 bxc6 16. Qc2 Bd7 17. Ne5 Be8 18. Na4 Bc7 19.
f4 Qe7 20. Qc3 Bd6 21. Nc5 f6 22. Ng4 Rab8 23. Rfe1 Ne6 24. g3 Nxc5 25. dxc5 Bc7 26. Bc2 Bd7 27. Nf2 Rb5 28. Qd4 f5 29.
Nd3 Re8 30. Ba4 Ra5 31. Rb1 Qd8 32. Rb4 Re4 33. Qc3 Rxa4 34. Reb1 Raxb4 35. Nxb4 Qe7 0-1